 Dungeon Crawl Stone Soup version 0.31.0-9-g3a7656b989 (webtiles) character file.

Game seed: 11902130783114493551

124 qw the Skirmisher (level 4, -7/25 HPs)
             Began as a Deep Elf Hunter on Feb 2, 2024.
             Mangled by a gnoll
             ... wielding a +0 flail
              (8 damage)
             ... on level 3 of the Dungeon.
             The game lasted 00:00:07 (2074 turns).

qw the Skirmisher (Deep Elf Hunter)                 Turns: 2074, Time: 00:00:08

Health: -7/25      AC:  6    Str: 10    XL:     4   Next: 81%
Magic:  6/6        EV: 11    Int: 14    God:
Gold:   75         SH:  0    Dex: 18    Spells: 3/3 levels left

rFire   . . .        a - +0 shortbow
rCold   . . .        (shield currently unavailable)
rNeg    . . .        i - +0 ring mail
rPois   .            (no helmet)
rElec   .            (no cloak)
rCorr   .            b - +0 pair of gloves
SInv    .            (no boots)
Will    .....        (no amulet)
Stlth   +            (no ring)
HPRegen 0.24/turn    (no ring)
MPRegen 0.10/turn

%: no passive effects
@: no status effects
A: no striking features
a: no special abilities


You were on level 3 of the Dungeon.
You visited 1 branch of the dungeon, and saw 3 of its levels.

You collected 75 gold pieces.


   Skills:
 - Level 1.5 Fighting
 + Level 8.2 Ranged Weapons
 - Level 2.4 Dodging
 - Level 1.2 Stealth


You had 3 spell levels left.
You didn't know any spells.
Your spell library was empty.

Inventory:

Hand Weapons
 a - a +0 shortbow (weapon)
Armour
 b - a +0 pair of gloves (worn)
 i - a +0 ring mail (worn)
Potions
 g - a potion of enlightenment

Dungeon Overview and Level Annotations

Branches:
Dungeon (3/15)

Altars:

Shops:
D:1 ?


Message History

The gnoll is almost dead.
The gnoll falls through a shaft!
The shaft crumbles and collapses.
You shoot an arrow. The gnoll shouts!
The arrow hits the gnoll.
The gnoll is lightly wounded.
You shoot an arrow. The arrow closely misses the gnoll.
You shoot an arrow. The arrow closely misses the gnoll.
You shoot an arrow. The arrow hits the gnoll.
The gnoll is moderately wounded.
The gnoll hits you with a +0 whip!
You shoot an arrow.
The arrow hits the gnoll but does no damage.
The gnoll is moderately wounded.
The gnoll barely misses you. The gnoll hits you with a +0 flail!
You shoot an arrow. The arrow hits the gnoll.
The gnoll is moderately wounded.
The gnoll hits you but does no damage. The gnoll closely misses you.
The gnoll barely misses you. The gnoll hits you with a +0 whip.
2068 ||| DRINKING potion of heal wounds.
You feel much better. The gnoll hits you with a +0 whip.
The gnoll hits you with a +0 flail.
You shoot an arrow. The arrow hits the gnoll!
The gnoll is almost dead.
The gnoll barely misses you. The gnoll closely misses you.
You shoot an arrow.
The arrow hits the gnoll but does no damage.
The gnoll is almost dead.
The gnoll hits you with a +0 whip. The gnoll barely misses you.
You shoot an arrow. The arrow closely misses the gnoll.
The gnoll hits you but does no damage. The gnoll hits you with a +0 flail!
You shoot an arrow. The arrow hits the gnoll.
You kill the gnoll!
The gnoll hits you with a +0 flail.
You shoot an arrow. The arrow barely misses the gnoll.
The gnoll barely misses you.
You shoot an arrow. The arrow hits the gnoll.
The gnoll is moderately wounded.
The gnoll hits you with a +0 flail!
You die...

.# .. .# .# ####.#
#....# #..)g#
#..@!#
####)...####
#............
#.####.##...######
#.#....)).......
#.#...####.#####
#.#...# #.#
#.#...# #.#
#.#...# #.#


You could see a gnoll.

Vanquished Creatures
  An orc priest (D:3)
  A gnoll (D:3)
  An adder (D:2)
  2 ribbon worms (D:2)
  3 dart slugs
  2 orcs (D:3)
  10 ball pythons
  4 bats
  4 endoplasms
  3 giant cockroaches
  6 goblins
  3 hobgoblins
  4 jackals (D:2)
  3 quokkas
  2 frilled lizards (D:1)
  6 kobolds
  4 rats
59 creatures vanquished.

Notes
Turn   | Place    | Note
-------+----------+-------------------------------------------
     0 | D:1      | qw the Deep Elf Hunter began the quest for the Orb.
     0 | D:1      | Reached XP level 1. HP: 12/12 MP: 3/3
     0 | D:1      | 0 ||| qw: Version: 0.3-a-155-g5e7d8dd
     0 | D:1      | 0 ||| qw: Game counter: 2335
     0 | D:1      | 0 ||| qw: Melee chars always use a shield: true
     0 | D:1      | 0 ||| qw: God list: Okawaru
     0 | D:1      | 0 ||| qw: Allow faded altars: false
     0 | D:1      | 0 ||| qw: Do Orc after clearing Dungeon:15 true
     0 | D:1      | 0 ||| qw: Do second Lair branch before Depths: true
     0 | D:1      | 0 ||| qw: Lair rune preference: random
     0 | D:1      | 0 ||| qw: Goals: Normal
     0 | D:1      | 0 ||| PLANNING D:1-11
   112 | D:1      | Reached XP level 2. HP: 16/16 MP: 4/4
   143 | D:1      | Found Rivut Ilooha's Magic Scroll Boutique.
   145 | D:1      | Reached skill level 6 in Ranged Weapons
   151 | D:1      | 151 ||| SHOPLISTING scroll of acquirement (624 gold, have
                  | 4).
   151 | D:1      | 151 ||| SHOPLISTING scroll of enchant armour (90 gold, have
                  | 4).
   151 | D:1      | 151 ||| SHOPLISTING scroll of identify (24 gold, have 4).
   151 | D:1      | 151 ||| SHOPLISTING scroll of teleportation (36 gold, have
                  | 4).
   256 | D:1      | Found a faded altar of an unknown god.
   562 | D:1      | 562 ||| UPGRADING to +0 ring mail.
   572 | D:1      | 572 ||| DROPPING +0 leather armour.
   573 | D:1      | 573 ||| DROPPING ring of wizardry.
   574 | D:1      | 574 ||| READING scroll labelled VOFENK MUMAKK.
   575 | D:1      | 575 ||| READING scroll labelled CUHIAR YFI UCS.
   606 | D:1      | 606 ||| READING scroll labelled VYNOXK LIVOEZ.
   606 | D:1      | 606 ||| IDENTIFYING clear potion
   607 | D:1      | 607 ||| READING scroll labelled VUFOGO TAABREE.
   608 | D:1      | 608 ||| READING scroll labelled KEALYX KUJIOFA.
   609 | D:1      | 609 ||| DROPPING scroll of butterflies.
   653 | D:2      | Reached XP level 3. HP: 19/20 MP: 5/5
   823 | D:2      | Reached skill level 7 in Ranged Weapons
  1425 | D:2      | 1425 ||| READING scroll of identify.
  1425 | D:2      | 1425 ||| IDENTIFYING blue potion
  1426 | D:2      | 1426 ||| READING scroll labelled IDDAOFAPLY.
  1427 | D:2      | 1427 ||| READING scroll labelled CITIMY ROTI.
  1601 | D:2      | Reached XP level 4. HP: 25/25 MP: 6/6
  1882 | D:2      | 1882 ||| UPGRADING to +0 pair of gloves.
  2041 | D:3      | Reached skill level 8 in Ranged Weapons
  2067 | D:3      | HP: 5/25 [gnoll/+0 whip (6)]
  2068 | D:3      | 2068 ||| DRINKING potion of heal wounds.
  2072 | D:3      | HP: 1/25 [gnoll/+0 flail (2)]
  2074 | D:3      | Mangled by a gnoll

Levels and vault maps discovered:
D:1:      co_arrival_square_in_a_square_in_a_square, layout_basic, serial_shops,
          shop, ebering_ecumenical_altar_abandoned, grunt_decor_fettered
D:2:      minmay_alternating_diamond, layout_basic, bh_walls_and_bars
D:3:      layout_basic

Skill      XL: |  1  2  3  4 |
---------------+-------------+-----
Ranged Weapons | 6 7 8 |  8.2
Fighting       | |  1.5
Dodging        | |  2.4
Stealth        | |  1.2

Action                     |  1- 3 |  4- 6 || total
---------------------------+-------+-------++-------
   Fire: Shortbow          |   123 |    50 ||   173
    Use: Scroll            |     8 |       ||     8
         Potion            |       |     1 ||     1
 Armour: Leather armour    |     8 |       ||     8
         Ring mail         |    30 |    16 ||    46
  Dodge: Dodged            |    44 |    12 ||    56

Table legend:
 A = Non-vault XP
 B = Vault XP
 C = Vault XP percentage of total XP
 D = Non-vault monster count
 E = Vault monster count
 F = Vault count percentage of total count
                 A         B        C        D         E       F
            +---------+---------+-------+---------+---------+-------
      Total |     171 |       7 |   3.9 |      55 |       4 |   6.8
            +---------+---------+-------+---------+---------+-------
        D:1 |      38 |       0 |   0.0 |      21 |       0 |   0.0
        D:2 |      63 |       7 |  10.0 |      25 |       4 |  13.8
        D:3 |      70 |       0 |   0.0 |       9 |       0 |   0.0
            +---------+---------+-------+---------+---------+-------
